AoeStats
← Bonaparte

Fortress

507714611Analyzed
3v3 RM · 13d ago on Sep 19, 2026· 66m 32s· 6 players
Game mode
Random Map
Map size
Large (8 player)
Population
200
Speed
Normal
Resources
Standard
Victory
Conquest
Starting age
Dark Age
Ending age
Imperial Age
RankedLock teamsTeams togetherTeam positionsShared explorationLock speedFull tech treeHidden civsTurbo modeCheats
Victory
Defeat
🇫🇷 Muisca · France
1109
+12
🇫🇷 Vietnamese · France
1102
+12
🇫🇷 Britons · France
1073
+13
🇨🇳 Franks · China
1056
-13
🇨🇳 Turks · China
1021
-13
🇧🇷 Jurchens · Brazil
984
-11
Enrique
3:11 Loom
6:41 Feudal Age
7:08 Double-Bit Axe
7:06 Horse Collar
12:53 Castle Age
12:26 Gold Mining
15:10 Bow Saw
16:17 Heavy Plow
21:52 Wheelbarrow
21:51 Town Watch
26:56 Imperial Age
25:10 Thumb Ring
26:02 Hand Cart
25:51 Padded Archer Armor
26:22 Stone Mining
28:19 Conscription
30:01 Two-Man Saw
29:16 Scale Barding Armor
29:22 Forging
29:41 Bloodlines
29:31 Husbandry
30:58 Chain Barding Armor
32:23 Plate Barding Armor
32:24 Iron Casting
32:35 Town Patrol
35:41 Ballistics
35:42 Bombard Tower
38:17 Blast Furnace
38:37 Leather Archer Armor
38:54 Arrowslits
39:03 Fletching
40:28 Elite Janissary
42:54 Ring Archer Armor
46:56 Bodkin Arrow
不会玩的别玩
6:45 Feudal Age
11:48 Castle Age
9:49 Double-Bit Axe
13:33 Bow Saw
20:38 Wheelbarrow
20:03 Gold Mining
22:54 Gold Shaft Mining
25:00 Hand Cart
24:46 Stone Mining
28:34 Imperial Age
26:53 Husbandry
28:32 Forging
28:22 Scale Mail Armor
28:28 Scale Barding Armor
28:14 Fletching
28:24 Padded Archer Armor
28:58 Ballistics
29:41 Conscription
28:55 Cavalier
30:04 Chivalry
30:09 Elite Skirmisher
30:50 Town Watch
30:52 Loom
32:36 Chemistry
31:41 Siege Engineers
32:15 Iron Casting
31:55 Chain Mail Armor
32:00 Chain Barding Armor
31:36 Bodkin Arrow
32:19 Town Patrol
31:49 Paladin
34:52 Blast Furnace
34:09 Leather Archer Armor
34:42 Masonry
34:28 Murder Holes
34:43 Fortified Wall
41:07 Plate Mail Armor
41:13 Plate Barding Armor
42:32 Architecture
41:52 Guard Tower
41:48 Arrowslits
44:10 Elite Throwing Axeman
45:11 #83
marcelorq
1:36 Loom
7:39 Feudal Age
8:41 Double-Bit Axe
8:39 Horse Collar
18:04 Castle Age
18:23 Wheelbarrow
18:41 Gold Mining
19:28 Scale Barding Armor
19:28 Husbandry
19:38 Bloodlines
24:27 Forging
28:32 Imperial Age
27:17 Iron Casting
28:37 Heavy Rocket Cart
30:33 Chemistry
31:45 Conscription
33:15 Blast Furnace
32:36 Chain Barding Armor
33:01 Elite Iron Pagoda
37:28 Arson
37:44 Squires
38:21 Elite Steppe Lancer
39:13 Elite Fire Lancer
43:29 Hand Cart
microllax
7:47 Feudal Age
11:44 Castle Age
10:35 Double-Bit Axe
13:04 Padded Archer Armor
14:18 Bow Saw
15:46 Gold Mining
17:46 Ballistics
21:15 Yeomen
23:50 Wheelbarrow
24:29 Leather Archer Armor
26:09 Gold Shaft Mining
25:25 Stone Mining
26:15 Fletching
26:09 Pikeman
26:55 Squires
27:15 Hand Cart
32:32 Imperial Age
32:47 Halberdier
34:26 Bodkin Arrow
35:38 Elite Longbowman
48:00 Forging
47:53 Scale Mail Armor
50:47 Gambesons
50:48 Arson
53:14 Iron Casting
52:56 Chain Mail Armor
56:20 Horse Collar
62:06 Blast Furnace
Bonaparte
0:37 Loom
8:05 Feudal Age
12:59 Castle Age
10:51 Horse Collar
11:21 Double-Bit Axe
13:13 Town Watch
16:27 Bow Saw
17:22 Wheelbarrow
16:54 Heavy Plow
18:46 Pikeman
21:32 Hand Cart
22:01 Forging
22:30 Squires
22:48 Scale Mail Armor
23:40 Gold Mining
23:28 Champi Runner
24:56 Iron Casting
24:37 Chain Mail Armor
24:38 Champi Warrior
27:26 Gold Shaft Mining
27:33 Herbalism
27:59 Murder Holes
27:47 Treadmill Crane
28:17 Masonry
30:52 Imperial Age
28:53 Town Patrol
30:53 Elite Champi Warrior
31:56 Conscription
32:16 Hoardings
32:15 Plate Mail Armor
32:17 Crop Rotation
32:49 Two-Man Saw
31:42 Stone Mining
32:03 Fletching
32:14 Padded Archer Armor
58:31 Bodkin Arrow
60:25 Bracer
60:32 Siege Engineers
Augustus Normacol
5:12 Loom
7:15 Feudal Age
12:40 Castle Age
10:54 Double-Bit Axe
11:27 Fletching
13:06 Padded Archer Armor
13:31 Bow Saw
13:09 Crossbowman
14:06 Bodkin Arrow
21:06 Ballistics
23:14 Leather Archer Armor
24:17 Thumb Ring
24:09 Gold Mining
26:21 Wheelbarrow
31:56 Imperial Age
31:00 Forging
30:50 Scale Mail Armor
31:55 Squires
31:43 Arson
31:18 Pikeman
32:44 Bracer
33:15 Ring Archer Armor
33:54 Chemistry
33:17 Paper Money
35:42 Arbalester
48:51 Halberdier
Connection lost

Rejoining the realm…

Still unreachable

The connection could not be restored.

Session expired

The server has moved on; the page needs a fresh start.